 Dungeon Crawl Stone Soup version 0.29.1-1-gd02db6906a (webtiles) character file.

Game seed: 3517277813691530180

1494 RogueRain17 the Destroyer (level 8, -2/57 HPs)
             Began as a Demigod Conjurer on Sept 27, 2022.
             Killed from afar by a steam dragon (15 damage)
             ... with a ball of steam
             ... on level 6 of the Dungeon.
             The game lasted 00:19:43 (7991 turns).

RogueRain17 the Destroyer (Demigod Conjurer)        Turns: 7991, Time: 00:19:43

Health: -2/57      AC:  6    Str:  8    XL:     8   Next: 26%
Magic:  12/14      EV:  9    Int: 28    God:
Gold:   197        SH:  4    Dex: 12    Spells: 8/11 levels left

rFire   . . .      SeeInvis .   t - +1 flail (protect)
rCold   . . .      Faith    .   C - +0 buckler
rNeg    . . .      Spirit   .   s - +0 ring mail {rPois}
rPois   +          Reflect  .   (no helmet)
rElec   .          Harm     .   (no cloak)
rCorr   .          Rampage  .   m - +0 pair of gloves
Will    .....                   (no boots)
Stlth   +.........              (no amulet)
HPRegen 0.19/turn               (no ring)
MPRegen 0.14/turn               (no ring)

@: attractive, flying
A: high MP 1, forlorn, divine attributes
a: no special abilities


You were on level 6 of the Dungeon.
You visited 1 branch of the dungeon, and saw 6 of its levels.

You collected 197 gold pieces.

Inventory:

Hand Weapons
 t - a +1 flail of protection (weapon)
Missiles
 h - 3 throwing nets
 l - 6 silver javelins
Armour
 a - a +0 robe
 m - a +0 pair of gloves (worn)
 s - a +0 ring mail of poison resistance (worn)
 C - a +0 buckler (worn)
Wands
 i - a wand of roots (3)
 w - a wand of charming (7)
 B - a wand of mindburst (9)
Scrolls
 b - a scroll of silence {unknown}
 e - 2 scrolls of summoning {unknown}
 f - 8 scrolls of identify {unknown}
 j - 2 scrolls of acquirement {unknown}
 k - a scroll of enchant weapon {unknown}
 p - 2 scrolls of magic mapping {unknown}
 r - 2 scrolls of fear {unknown}
 u - a scroll of brand weapon {unknown}
 v - a scroll of blinking {unknown}
 x - a scroll of noise {unknown}
 y - 2 scrolls of immolation {unknown}
Potions
 c - 2 potions of flight
 d - a potion of attraction
 g - 2 potions of brilliance {unknown}
 n - a potion of curing
 o - 3 potions of heal wounds {unknown}
 q - a potion of mutation {unknown}
 z - a potion of might {unknown}
 A - a potion of invisibility {unknown}
 D - a potion of resistance {unknown}


   Skills:
 - Level 1.7 Dodging
 - Level 1.7 Stealth
 + Level 2.8 Shields
 - Level 2.2 Spellcasting
 * Level 9.6 Conjurations
 - Level 2.0 Evocations


You had 8 spell levels left.
You knew the following spells:

 Your Spells              Type           Power      Damage    Failure   Level
a - Magic Dart            Conj           100%       1d8       1%          1
b - Searing Ray           Conj           100%       2d8       1%          2

Your spell library contained the following spells:

 Spells                   Type           Power      Damage    Failure   Level
 Dazzling Flash           Conj/Hex       60%        N/A       16%         3
 Freeze                   Ice            12%        1d4       36%         1
 Necrotise                Necr           12%        1d4       36%         1
 Fulminant Prism          Conj/Hex       15%        3d11      45%         4
 Hailstorm                Conj/Ice       30%        3d8       45%         4
 Iskenderun's Mystic Bla  Conj/Tloc      30%        2d8       45%         4
 Frozen Ramparts          Ice            6%         1d1       75%         3
 Vampiric Draining        Necr           3%         2d6       75%         3
 Agony                    Necr           3%         N/A       100%        5


Dungeon Overview and Level Annotations

Branches:
Dungeon (6/15)             Temple (0/1) D:6


Innate Abilities, Weirdness & Mutations

You have an increased reservoir of magic. (+10% MP)
You shall have no god before yourself.
Your divine heritage dramatically boosts your attributes as you level up.


Message History

The steam dragon breathes steam at you. The ball of steam hits you!!
Aiming: Mindburst
Press: ? - help, Shift-Dir - straight line, f - steam dragon
Aim: a steam dragon (steam, catching its breath, chance to affect: 73%)
The steam dragon struggles to resist.
The steam dragon bites you but does no damage.
The steam dragon claws you.
Aiming: Mindburst
Press: ? - help, Shift-Dir - straight line, f/p - steam dragon
Aim: a steam dragon (chance to affect: 73%)
The steam dragon's mind is blasted!!
The steam dragon bites you!
The steam dragon claws you but does no damage.
You hit the steam dragon.
Your weapon exudes an aura of protection.
The steam dragon is severely wounded.
The steam dragon bites you but does no damage.
The steam dragon claws you but does no damage.
The steam dragon breathes steam at you. The ball of steam hits you!
* * * LOW HITPOINT WARNING * * *
The steam dragon bites you.
* * * LOW HITPOINT WARNING * * *
The steam dragon claws you.
* * * LOW HITPOINT WARNING * * *
It was a potion of flight.
You feel very buoyant.
You fly up into the air.
The steam dragon closely misses you. The steam dragon barely misses you.
It was a potion of attraction.
You feel attractive to monsters. The steam dragon barely misses you.
The steam dragon claws you but does no damage.
It was a potion of curing.
You feel better. The steam dragon bites you.
* * * LOW HITPOINT WARNING * * *
You block the steam dragon's attack.
You feel better. The steam dragon breathes steam at you.
The ball of steam hits you!
You die...

######## #########.......
#.............#.
#####.#...#...#...#.
#.........#.⌠.#...#.
#####.......###...###.#.
##...#....[..............
##......D@[<.).⌠..>..⌠....
#.......###)..............
#.......# ##..###.[.###...
#.......# #....#.⌠.#.....
##.....## #....#...#.....
##.....## #....?[[?......
#.......# #.#######......
#.......# #.. ##.....
#.......#####. ##...z


You could see a steam dragon (catching breath).

Vanquished Creatures
  2 black bears
  An ice beast (D:5)
  2 ogres
  A scorpion (D:5)
  5 wights (D:6)
  A howler monkey (D:6)
  2 gnoll boudas
  A jelly (D:5)
  3 orc priests
  3 hounds
  2 iguanas
  5 orc wizards
  11 gnolls
  3 adders
  A shadow imp (D:5)
  4 worms
  5 dart slugs
  19 orcs
  5 ball pythons
  5 endoplasms
  3 giant cockroaches
  8 goblins
  7 hobgoblins
  9 kobolds
  4 quokkas
  5 bats
  2 frilled lizards
  2 rats (D:1)
121 creatures vanquished.

Notes
Turn   | Place    | Note
-------+----------+-------------------------------------------
     0 | D:1      | RogueRain17 the Demigod Conjurer began the quest for the
                  | Orb.
     0 | D:1      | Reached XP level 1. HP: 14/14 MP: 5/5
   167 | D:1      | Reached skill level 4 in Conjurations
   459 | D:1      | Reached XP level 2. HP: 20/20 MP: 5/7
  1576 | D:2      | Learned a level 2 spell: Searing Ray
  1667 | D:2      | Reached XP level 3. HP: 26/26 MP: 1/8
  2295 | D:3      | Reached skill level 5 in Conjurations
  2592 | D:3      | Reached skill level 1 in Evocations
  2592 | D:3      | Reached XP level 4. HP: 32/33 MP: 4/9
  3727 | D:4      | Reached XP level 5. HP: 38/38 MP: 6/10
  4292 | D:4      | Reached skill level 6 in Conjurations
  4524 | D:4      | Reached XP level 6. HP: 11/45 MP: 4/12
  5946 | D:5      | Entered Level 5 of the Dungeon
  6210 | D:5      | Reached skill level 7 in Conjurations
  6300 | D:5      | Reached XP level 7. HP: 50/50 MP: 3/13
  6900 | D:5      | Reached skill level 8 in Conjurations
  7257 | D:6      | Found a staircase to the Ecumenical Temple.
  7625 | D:6      | Reached skill level 1 in Shields
  7741 | D:6      | Reached skill level 9 in Conjurations
  7741 | D:6      | Reached XP level 8. HP: 48/57 MP: 3/14
  7991 | D:6      | Killed from afar by a steam dragon

Illustrated notes

Levels and vault maps discovered:
D:1:      minmay_arrival_stone_box, layout_basic, st_stairs_9
D:2:      layout_basic
D:3:      minmay_spotlight, layout_basic, nicolae_vehumet_altar_sigil,
          minivault_23, minivault_25, minmay_joined_circles
D:4:      layout_layer_cave
D:5:      layout_loops_ring, mainiacjoe_overflow_small_starburst,
          marbit_many_paths, mainiacjoe_overflow_paths,
          minmay_misc_feat_pillars, water_boxes_lemuel
D:6:      layout_rooms, kennysheep_little_box, minmay_temple_entry_junction_2,
          minmay_bent

Skill      XL: |  1  2  3  4  5  6  7  8 |
---------------+-------------------------+-----
Conjurations   | 4 5 6 7 9 |  9.6
Evocations     | 1 2 |  2.0
Spellcasting   | 2 |  2.2
Shields        | 1 2 |  2.8
Dodging        | |  1.7
Stealth        | |  1.7

Action                   |  1- 3 |  4- 6 |  7- 9 || total
-------------------------+-------+-------+-------++-------
Melee: Unarmed           |    15 |    16 |       ||    31
       Flail             |       |    23 |    16 ||    39
 Cast: Magic Dart        |    87 |    85 |    86 ||   258
       Searing Ray       |       |    15 |    12 ||    27
Evoke: Wand              |       |     4 |     4 ||     8
  Use: Potion            |       |     1 |     4 ||     5
Armor: Robe              |     5 |     2 |       ||     7
       Ring mail         |       |    34 |    22 ||    56
Dodge: Dodged            |    16 |    50 |    32 ||    98
Block: Buckler           |       |       |     8 ||     8
